Map: 2000 Atmospheres LE

Players

ParaDoX

  • Race: Terran Terran
  • League: Diamond

Zorohm - Winner!

  • Race: Zerg Zerg
  • League: Diamond

VOD

Have the link to the VOD?

Description

Time

  • Played on: Jan. 14, 2022, 9:48 p.m.
  • Length: 17:54
Show
View Real Time Build Order
Export as new Build Order

ParaDoX Terran 

Build Orders:  

Get SALT Encoding   

  12  0:02  SCV  
  13  0:14  SCV  
  14  0:18  Supply Depot  
  14  0:26  SCV  
  15  0:39  SCV  
  15  0:41  Barracks  
  16  0:51  SCV  
  17  1:03  SCV  
  18  1:15  SCV  
  19  1:23  Command Center  
  19  1:28  Supply Depot, SCV  
  19  1:29  Marine  
  21  1:40  Orbital Command  
  21  1:50  Barracks  
  21  1:58  Marine  
  22  2:01  Refinery  
  22  2:07  SCV  
  23  2:16  Barracks  
  23  2:19  SCV  
  23  2:22  Supply Depot  
  24  2:24  Marine  
  25  2:31  SCV  
  26  2:38  Marine  
  26  2:42  Marine  
  26  2:43  SCV  
  29  2:44  Refinery  
  29  2:56  Marine  
  30  3:00  Marine  
  30  3:05  Command Center  
  31  3:16  Factory  
  31  3:17  SCV  
  32  3:29  SCV  
  32  3:33  Bunker, Orbital Command  
  33  3:35  Marine  
  33  3:38  Barracks Reactor  
  33  3:40  Barracks Tech Lab  
  34  3:44  SCV  
  35  3:57  SCV  
  35  3:59  Barracks Tech Lab  
  35  4:00  Marine, Starport  
  35  4:01  SCV  
  38  4:09  SCV  
  39  4:13  SCV  
  40  4:18  Marauder, Marine  
  40  4:21  SCV  
  40  4:22  Stimpack  
  44  4:26  SCV  
  44  4:27  Orbital Command  
  45  4:32  Marine  
  45  4:33  SCV  
  45  4:36  Marauder, Starport Reactor  
  45  4:37  Factory Tech Lab  
  45  4:38  SCV  
  50  4:42  Marine  
  50  4:44  Marauder  
  50  4:45  SCV  
  54  4:50  Marine, SCV  
  56  4:53  Refinery  
  56  4:54  Refinery  
  56  4:57  SCV  
  57  5:02  SCV  
  58  5:09  Supply Depot x2, SCV  
  59  5:14  SCV  
  59  5:18  Orbital Command, Marauder  
  59  5:19  Bunker  
  59  5:20  Medivac  
  64  5:21  Medivac, SCV  
  64  5:26  SCV  
  68  5:33  SCV  
  69  5:37  Barracks, Marine, Marauder  
  69  5:39  Marauder  
  74  5:46  Marine  
  74  5:52  Supply Depot  
  74  5:57  Marine  
  71  5:58  Marauder  
  71  6:00  Marauder  
  71  6:03  Marine  
  60  6:14  Marine  
  50  6:19  Marauder  
  50  6:21  Marine x2  
  46  6:29  Siege Tank  
  46  6:32  Marine  
  49  6:39  Marine  
  49  6:40  Marine, Marauder  
  49  6:42  Medivac  
  49  6:43  Medivac  
  52  6:50  Marine  
  53  6:54  SCV  
  53  6:57  Marine  
  53  6:58  Marine  
  53  7:00  Marine  
  57  7:04  SCV x2  
  57  7:06  SCV  
  57  7:08  Marine  
  61  7:15  Marine  
  58  7:21  SCV x3  
  62  7:23  Marauder  
  62  7:26  Combat Shield  
  63  7:33  Marauder, SCV x2  
  67  7:48  Marine x3  
  67  7:50  SCV x3  
  73  7:54  Marine  
  74  8:02  SCV x3  
  77  8:11  Marine x2  
  77  8:13  Marauder, Marine  
  77  8:14  SCV  
  77  8:15  SCV x2  
  77  8:36  Supply Depot  
  77  8:37  Supply Depot  
  77  8:39  Supply Depot  
  77  8:47  Marine  
  77  8:48  Marine, SCV  
  77  8:49  Marine, SCV  
  77  8:51  Marauder  
  77  8:57  Siege Tank, Medivac x2, SCV  
  77  9:01  SCV  
  86  9:04  Barracks, Marine  
  86  9:05  Barracks  
  86  9:06  Marine x2  
  86  9:08  SCV  
  86  9:09  SCV  
  91  9:12  Marauder  
  91  9:14  Engineering Bay, SCV  
  91  9:15  Engineering Bay  
  94  9:20  SCV  
  94  9:21  SCV  
  94  9:22  Marine  
  94  9:24  Marine x2  
  98  9:26  SCV  
  98  9:30  Medivac  
  101  9:32  SCV  
  101  9:34  Marine  
  101  9:35  Medivac  
  101  9:37  Siege Tank  
  96  9:40  Marine  
  96  9:41  Marine  
  96  9:42  Marine  
  94  9:52  Marine x3  
  96  9:58  Marine  
  96  9:59  Marine  
  92  10:00  Marine  
  88  10:09  Marine  
  88  10:10  Marine  
  88  10:12  Marauder  
  77  10:16  Marine  
  77  10:17  Marine  
  77  10:18  Siege Tank, Marauder  
  77  10:20  Orbital Command  
  64  10:21  Liberator  
  64  10:27  Marine x2  
  63  10:32  Marine  
  63  10:33  Marine  
  51  10:40  SCV x2  
  39  10:53  Orbital Command  
  32  11:04  Marine  
  32  11:09  Marine  
  24  11:18  SCV  
  23  11:39  Liberator  
  22  11:45  Marauder  
  22  11:46  Marine  
  22  11:47  Marine x3  
  31  11:58  SCV x2  
  30  12:04  Marine x3  
  33  12:14  Marine x3  
  36  12:16  SCV  
  36  12:19  SCV  
  38  12:28  Marine x3  
  41  12:33  SCV  
  42  12:40  SCV  
  43  12:55  Marine  
  43  12:57  SCV  
  45  12:58  SCV  
  46  13:09  SCV  
  47  13:16  Marine x4  
  47  13:17  Marine  
  43  13:30  SCV x2  
  43  13:34  Marine  
  44  13:42  SCV  
  44  13:43  SCV  
  46  13:53  Marine x4  
  46  13:54  Marine  
  51  13:58  SCV x2  
  53  14:10  SCV  
  54  14:27  Marine  
  54  14:28  Marine x2  
  54  14:29  Marine  
  54  14:40  Supply Depot  
  54  14:41  Supply Depot  
  54  14:43  SCV  
  54  14:44  Supply Depot, Marine  
  54  14:45  SCV  
  54  14:46  Marine  
  54  14:47  Marine  
  54  14:48  Marine  
  54  14:56  Marine  
  54  14:58  SCV  
  53  15:02  Marine  
  53  15:04  Marine  
  53  15:05  Marine  
  53  15:06  Marine  
  55  15:11  Command Center  
  51  15:18  Marine  
  51  15:19  Marine  
  53  15:21  Marine  
  53  15:23  Marine  
  53  15:24  Marine  
  54  15:36  Marine, SCV x2  
  54  15:37  Marine  
  54  15:39  Marine  
  60  15:45  Marine  
  60  15:48  Barracks Tech Lab, SCV x2  
  62  15:54  Marine  
  62  15:55  Marine  
  64  15:57  Marine  
  64  16:00  SCV x2  
  64  16:03  Marine  
  59  16:11  Marine  
  59  16:12  Marine, SCV  
  59  16:13  Marine  
  59  16:15  Marine  
  60  16:21  Marine  
  60  16:23  SCV  
  62  16:27  SCV  
  62  16:30  Marauder  
  67  16:33  Barracks, Marine  
  67  16:35  Barracks, Barracks Reactor, SCV  
  67  16:37  Barracks Reactor  
  67  16:39  SCV  
  68  16:42  Marine  
  69  16:47  SCV  
  69  16:51  Marauder, SCV  
  53  17:01  Marine x2  
  53  17:06  SCV  
  56  17:10  Orbital Command  
  56  17:12  Marine  
  56  17:13  Marauder, Marine  
  60  17:16  SCV  
  60  17:19  Marine x2, SCV  
  64  17:27  Marine  
  64  17:28  Barracks Reactor, Marine, SCV  
Show
View Real Time Build Order
Export as new Build Order

Zorohm Zerg - Winner!

Build Orders: Hatch First 

Get SALT Encoding   

  12  0:00  Drone  
  13  0:12  Overlord  
  13  0:16  Drone  
  14  0:30  Drone x2  
  16  0:49  Hatchery  
  15  0:52  Drone  
  15  0:55  Drone  
  17  0:59  Drone  
  18  1:09  Extractor  
  17  1:14  Spawning Pool  
  17  1:17  Drone  
  17  1:22  Drone  
  18  1:27  Drone  
  19  1:38  Overlord  
  19  1:49  Drone  
  20  2:01  Queen x2  
  20  2:02  Zergling x4  
  26  2:11  Drone  
  26  2:12  Drone  
  26  2:15  Metabolic Boost  
  28  2:21  Drone  
  30  2:22  Drone  
  30  2:36  Queen  
  30  2:37  Queen  
  34  2:44  Overlord x2  
  34  2:58  Hatchery  
  34  3:02  Drone x2  
  34  3:05  Drone  
  36  3:09  Overlord  
  36  3:16  Drone x3  
  36  3:18  Drone  
  40  3:21  Drone  
  40  3:23  Drone  
  40  3:25  Drone  
  43  3:31  Extractor  
  43  3:33  Roach Warren  
  41  3:35  Drone  
  42  3:50  Overlord x3  
  42  4:17  Overlord  
  42  4:19  Roach x9  
  42  4:21  Roach  
  62  4:24  Roach  
  62  4:27  Roach  
  66  4:37  Zergling x10  
  71  4:42  Zergling x4  
  71  4:43  Zergling x2  
  74  4:55  Zergling x12  
  80  5:00  Overlord  
  80  5:03  Overlord  
  79  5:22  Zergling x2  
  79  5:23  Zergling x18  
  79  5:26  Ravager x2  
  79  5:27  Ravager x2  
  93  5:32  Ravager  
  92  5:47  Zergling x2  
  80  5:57  Zergling x2  
  80  5:58  Zergling x26  
  74  6:12  Zergling x4  
  74  6:13  Zergling x8  
  72  6:22  Zergling x2  
  72  6:23  Zergling x2  
  59  6:37  Lair  
  59  6:41  Drone x4, Evolution Chamber  
  59  6:42  Evolution Chamber  
  59  6:43  Baneling Nest  
  59  6:44  Drone x2  
  59  6:45  Drone  
  54  6:55  Drone x2  
  54  7:00  Drone  
  54  7:01  Drone  
  58  7:05  Drone x5  
  63  7:13  Overlord  
  53  7:20  Roach  
  53  7:21  Roach x4  
  63  7:25  Roach  
  63  7:28  Roach x2  
  69  7:32  Roach  
  69  7:35  Roach  
  69  7:36  Roach  
  75  7:37  Roach  
  75  7:39  Roach  
  75  7:41  Glial Reconstitution  
  79  7:50  Zerg Missile Weapons Level 1  
  77  7:51  Roach  
  77  7:52  Roach x2  
  85  7:58  Roach  
  85  8:00  Zergling x12  
  85  8:04  Zergling x2  
  87  8:15  Roach x2  
  87  8:16  Roach x2  
  87  8:17  Drone  
  94  8:22  Overlord x2  
  94  8:23  Drone x4  
  94  8:24  Drone x2  
  94  8:26  Drone  
  101  8:35  Overlord x3  
  96  8:58  Roach x7  
  96  8:59  Zergling x12  
  114  9:06  Zergling x2  
  114  9:07  Zergling x4  
  119  9:10  Roach x3  
  119  9:16  Zergling x6  
  127  9:24  Zergling x8  
  127  9:25  Zergling x2  
  127  9:28  Zergling x2  
  127  9:29  Zergling x2  
  127  9:30  Zergling x2  
  127  9:31  Zergling x2  
  135  9:35  Zergling x2  
  135  9:37  Zergling x4  
  128  9:40  Zergling x6  
  128  9:53  Zergling x10  
  109  10:11  Roach x5  
  109  10:12  Roach x4  
  108  10:17  Drone x2  
  102  10:23  Zergling x2  
  96  10:32  Roach x2  
  96  10:34  Drone x2  
  93  10:37  Drone  
  76  10:51  Drone x6  
  76  10:54  Queen  
  80  11:01  Drone x2  
  71  11:04  Drone  
  71  11:07  Drone x2  
  71  11:16  Drone x2  
  70  11:24  Extractor  
  65  11:28  Drone x3  
  65  11:29  Drone  
  65  11:32  Queen  
  70  11:36  Ravager x2  
  68  11:44  Ravager  
  68  12:01  Drone x3  
  69  12:02  Drone x7  
  73  12:20  Roach x3  
  75  12:25  Hatchery  
  75  12:29  Zerg Missile Weapons Level 2  
  71  12:32  Drone x2  
  71  12:34  Drone x3, Extractor  
  72  12:40  Drone x2, Extractor x2  
  72  12:41  Drone  
  73  12:52  Centrifugal Hooks  
  73  12:54  Zergling x2  
  73  12:55  Zergling x16  
  73  12:56  Zergling x2  
  83  13:01  Zergling x2  
  83  13:03  Zergling x2  
  85  13:06  Zergling x2  
  85  13:07  Zergling x4  
  85  13:09  Zergling x2  
  89  13:18  Zergling x2  
  89  13:19  Zergling x6  
  86  13:21  Zergling x2  
  86  13:22  Zergling x8  
  87  13:27  Zerg Melee Weapons Level 1  
  87  13:35  Drone  
  87  13:36  Drone x4  
  87  13:38  Drone x2  
  87  13:40  Extractor  
  93  13:42  Extractor  
  93  13:44  Drone x4  
  93  13:47  Drone  
  93  13:48  Drone  
  94  13:49  Drone  
  92  13:58  Drone x2  
  92  13:59  Drone x3  
  92  14:01  Overlord x3  
  97  14:06  Hatchery  
  96  14:16  Drone x4  
  96  14:17  Drone  
  96  14:27  Zergling x10  
  96  14:28  Zergling x12  
  92  14:34  Baneling  
  92  14:35  Baneling x6  
  81  14:39  Drone x6  
  80  14:53  Drone  
  80  14:54  Drone x7  
  88  15:05  Spire  
  87  15:12  Spore Crawler  
  86  15:15  Spine Crawler  
  86  15:16  Spine Crawler  
  86  15:17  Spore Crawler  
  86  15:18  Drone x8  
  86  15:19  Drone x2, Spine Crawler  
  90  15:45  Drone x3  
  90  16:11  Zergling x12  
  85  16:12  Zergling x2  
  85  16:13  Zergling x30  
  85  16:14  Queen x4  
  113  16:20  Roach  
  113  16:24  Roach x6  
  113  16:25  Roach x2  
  131  16:27  Ravager x3  
  134  16:33  Zergling x2  
  134  16:34  Baneling  
  134  16:35  Baneling x3  
  134  16:36  Baneling x2  
  134  16:37  Baneling x2  
  134  16:38  Baneling x2  
  134  16:39  Baneling  
  135  16:40  Baneling x2  
  135  16:41  Baneling x2  
  135  16:42  Baneling x2  
  135  16:43  Baneling x2  
  135  16:44  Baneling x2  
  135  16:45  Baneling  
  135  16:48  Zergling x2  
  135  16:53  Zergling x2  
  124  16:54  Zergling x12  
  127  17:06  Mutalisk x5  
  127  17:07  Mutalisk  
  139  17:09  Mutalisk  
  139  17:11  Mutalisk  
  139  17:14  Mutalisk  
  145  17:16  Mutalisk  
  145  17:18  Mutalisk  
  145  17:21  Mutalisk  
  151  17:23  Overlord  
  151  17:27  Overlord  
  151  17:28  Mutalisk  
Tags
 
Add a new tag
Caveats
  • Supply blocks, unpowered buildings, or Contaminate may cause inaccurate times.
  • Supply counts are checked every 10 seconds.